 Dungeon Crawl Stone Soup version 0.29.1-15-g9cfb28693d (webtiles) character file.

Game seed: 9780528464400498703

6 frogmoss10 the Grave Robber (level 1, 0/14 HPs)
             Began as a Hill Orc Necromancer on Mar 25, 2023.
             Slain by a jackal (3 damage)
             ... on level 1 of the Dungeon.
             The game lasted 00:04:27 (351 turns).

frogmoss10 the Grave Robber (Hill Orc Necromancer)   Turns: 351, Time: 00:04:28

Health: 0/14       AC:  2    Str: 10    XL:     1   Next: 90%
Magic:  0/3        EV: 12    Int: 15    God:
Gold:   9          SH:  0    Dex: 11    Spells: 2/3 levels left

rFire   . . .      SeeInvis .   (no weapon)
rCold   . . .      Faith    .   (no shield)
rNeg    . . .      Spirit   .   a - +0 robe
rPois   .          Reflect  .   (no helmet)
rElec   .          Harm     .   (no cloak)
rCorr   .          Rampage  .   (no gloves)
Will    .....                   (no boots)
Stlth   ++........              (no amulet)
HPRegen 0.04/turn               (no ring)
MPRegen 0.08/turn               (no ring)

@: no status effects
A: no striking features
a: no special abilities


You were on level 1 of the Dungeon.
You visited 1 branch of the dungeon, and saw 1 of its levels.

You collected 9 gold pieces.

Inventory:

Missiles
 e - a throwing net
Armour
 a - a +0 robe (worn)
 f - a +0 ring mail
Potions
 b - a potion of magic
 c - a potion of lignification {unknown}
 d - a potion of curing {unknown}


   Skills:
 + Level 1.5 Dodging
 + Level 1.5 Stealth
 + Level 1.6 Spellcasting
 + Level 4.2 Necromancy


You had 2 spell levels left.
You knew the following spells:

 Your Spells              Type           Power      Damage    Failure   Level
a - Necrotise             Necr           56%        1d6       4%          1

Your spell library contained the following spells:

 Spells                   Type           Power      Damage    Failure   Level
 Vampiric Draining        Necr           14%        2d7       12%         3
 Animate Dead             Necr           14%        N/A       36%         4
 Agony                    Necr           14%        N/A       73%         5


Dungeon Overview and Level Annotations

Branches:
Dungeon (1/15)

Altars:


Message History

Aim: a jackal (severely wounded, ally target, chance to affect: 83%)
The jackal writhes in agony.
The jackal barely misses you.
Your hobgoblin skeleton hits the jackal but does no damage.
The jackal bites your hobgoblin skeleton.
You closely miss the jackal.
The jackal bites your hobgoblin skeleton.
The jackal barely misses you. The jackal closely misses you.
Your hobgoblin skeleton hits the jackal.
The jackal dies!
You barely miss the jackal. The jackal barely misses you. The jackal bites you.
The jackal barely misses you.
Your hobgoblin skeleton closely misses the jackal.
The jackal bites you. x2
The jackal attacks as you move away! The jackal bites you.
The jackal barely misses you.
Your hobgoblin skeleton barely misses the jackal.
The jackal attacks as you move away! The jackal bites you.
The jackal attacks as you move away! The jackal closely misses you. x2
The jackal attacks as you move away! The jackal closely misses you.
Casting: Necrotise (safe; 4% risk of failure)
Confirm with . or Enter, or press ? or * to list all spells.
You don't have enough magic to cast this spell.
The jackal attacks as you move away! The jackal closely misses you.
A hobgoblin comes into view.
The hobgoblin shouts!
Casting: Necrotise (safe; 4% risk of failure)
Confirm with . or Enter, or press ? or * to list all spells.
Aiming: Necrotise (safe; 4% risk of failure)
Press: ? - help, Shift-Dir - straight line, f - jackal
Aim: a jackal (chance to affect: 84%)
The jackal writhes in agony.
The jackal barely misses you. The jackal closely misses you.
The jackal bites you.
The jackal bites you but does no damage.
The jackal attacks as you move away! The jackal closely misses you.
The jackal attacks as you move away! The jackal closely misses you.
The jackal bites you.
* * * LOW HITPOINT WARNING * * *
The jackal closely misses you. The jackal attacks as you move away!
The jackal bites you.
You die...

...>...#########.#.#
.......#.......#.#.#
#....†............
#........#h..#.#.#
#.....##.#hh.#.#.#
#.....##.#.#.#.#.#
#.h.g.##.h.#.#.#.#
#hh#.#######.#.#.#
#@.#.g.....#.#.#.#
#..#######.#.#.#.#
#..#######.#.....#
.............#.###
##..#######.#.#....
...# ...#.##### #.##
#.###.# #.. ... #.#
### #.#


You could see 3 jackals and a hobgoblin.

Vanquished Creatures
  A ball python (D:1)
  A bat (D:1)
  A hobgoblin (D:1)
  A kobold (D:1)
  4 toadstools (D:1)
8 creatures vanquished.

Vanquished Creatures (collateral kills)
  A jackal (D:1)
1 creature vanquished.

Grand Total: 9 creatures vanquished

Notes
Turn   | Place    | Note
-------+----------+-------------------------------------------
     0 | D:1      | frogmoss10 the Hill Orc Necromancer began the quest for the
                  | Orb.
     0 | D:1      | Reached XP level 1. HP: 14/14 MP: 3/3
   351 | D:1      | Slain by a jackal

Illustrated notes

Levels and vault maps discovered:
D:1:      ldierk_water_garden, layout_basic,
          shapermc_ecumenical_altar_mp_ritualfount

Action                   || total
-------------------------++-------
Melee: Unarmed           ||    28
 Cast: Necrotise         ||    12
Armor: Robe              ||     6
Dodge: Dodged            ||    27
